 Dungeon Crawl Stone Soup version 0.31-a0-1068-g5939ac1fb6 (webtiles) character file.

Game seed: 10627448476984683561

88 Dirtsage the Conjurer (level 4, 3/30 HPs)
             Began as a Demonspawn Conjurer on Nov 23, 2023.
             Quit the game on level 2 of the Dungeon.
             The game lasted 00:04:11 (1717 turns).

Dirtsage the Conjurer (Demonspawn Conjurer)         Turns: 1717, Time: 00:04:12

Health: 3/30       AC:  3    Str: 10    XL:     4   Next: 29%
Magic:  3/7        EV: 12    Int: 19    God:
Gold:   71         SH:  0    Dex: 11    Spells: 4/7 levels left

rFire   . . .        i - +0 dagger (drain)
rCold   . . .        (no shield)
rNeg    . . .        a - +0 robe
rPois   .            (no helmet)
rElec   .            (no cloak)
rCorr   .            (no gloves)
SInv    .            (no boots)
Will    ++...        (no amulet)
Stlth   ++           f - ring of willpower
HPRegen 0.25/turn    k - ring of willpower
MPRegen 0.10/turn

%: no passive effects
@: lethally poisoned (3 -> -9)
A: hooves 1, rugged brown scales 1
a: no special abilities


You were on level 2 of the Dungeon.
You visited 1 branch of the dungeon, and saw 2 of its levels.

You collected 71 gold pieces.

Inventory:

Hand Weapons
 c - a +0 club
 i - a +0 dagger of draining (weapon)
Armour
 a - a +0 robe (worn)
 g - the +0 plate armour "Adagemam" {*Corrode rElec rN++ Dex+3}
   (You found it on level 2 of the Dungeon)

   Dex+3:     It affects your dexterity (+3).
   rElec:     It insulates you from electricity.
   rN++:      It greatly protects you from negative energy.
   *Corrode:  It may corrode you when you take damage.
Jewellery
 f - a ring of willpower (left hand)
 k - a ring of willpower (right hand)
Scrolls
 d - 3 scrolls of identify {unknown}
 e - a scroll of silence {unknown}
 h - a scroll of enchant armour {unknown}
 j - a scroll of vulnerability {unknown}
Potions
 b - a potion of magic


   Skills:
 - Level 1.7 Dodging
 - Level 1.7 Stealth
 - Level 2.0 Spellcasting
 + Level 5.8 Conjurations


You had 4 spell levels left.
You knew the following spells:

 Your Spells              Type           Power      Damage    Failure   Level
a - Magic Dart            Conj           96%        1d7       1%          1
b - Searing Ray           Conj           48%        2d6       2%          2

Your spell library contained the following spells:

 Spells                   Type           Power      Damage    Failure   Level
 Dazzling Flash           Conj/Hex       26%        N/A       16%         3
 Slow                     Hex            4%         N/A       17%         1
 Confusing Touch          Hex            1%         N/A       45%         3
 Gell's Gravitas          Tloc           1%         N/A       45%         3
 Sigil of Binding         Hex            1%         N/A       45%         3
 Teleport Other           Tloc           1%         N/A       45%         3
 Vampiric Draining        Necr           1%         2d6       45%         3
 Fulminant Prism          Conj/Hex       6%         3d7       45%         4
 Iskenderun's Mystic Bla  Conj/Tloc      13%        2d5       45%         4
 Dispersal                Tloc           0%         N/A       100%        6


Dungeon Overview and Level Annotations

Branches:
Dungeon (2/15)

Altars:


Innate Abilities, Weirdness & Mutations

You have large cloven feet.
You are partially covered in rugged brown scales. (AC +1, +3% HP)


Message History

The magic dart hits the adder.
The adder is heavily wounded.
You feel very sick. The adder bites you but does no damage.
The adder completely misses you.
You take 4 damage, and have 12/30 hp.
You now have 6/7 mp.
Casting: Magic Dart (safe; 1% risk of failure)
Confirm with . or Enter, or press ? or * to list all spells.
Aiming: Magic Dart (safe; 1% risk of failure)
Press: ? - help, Shift-Dir - straight line, f/p - adder
Aim: an adder (heavily wounded, 100% to hit)
The magic dart hits the adder.
The adder is almost dead.
You feel very sick. The adder bites you but does no damage.
You take 2 damage, and have 10/30 hp.
You now have 5/7 mp.
Casting: Magic Dart (safe; 1% risk of failure)
Confirm with . or Enter, or press ? or * to list all spells.
Aiming: Magic Dart (safe; 1% risk of failure)
Press: ? - help, Shift-Dir - straight line, f/p - adder
Aim: an adder (almost dead, 100% to hit)
The magic dart hits the adder but does no damage.
The adder is almost dead.
* * * LOW HITPOINT WARNING * * *
You feel sick. The adder bites you.
* * * LOW HITPOINT WARNING * * *
You are more poisoned.
The adder poisons you!
You take 4 damage, and have 6/30 hp.
You now have 4/7 mp.
Casting: Magic Dart (safe; 1% risk of failure)
Confirm with . or Enter, or press ? or * to list all spells.
Aiming: Magic Dart (safe; 1% risk of failure)
Press: ? - help, Shift-Dir - straight line, f/p - adder
Aim: an adder (almost dead, 100% to hit)
The magic dart hits the adder.
You kill the adder!
* * * LOW HITPOINT WARNING * * *
You feel very sick.
You take 3 damage, and have 3/30 hp.
You now have 3/7 mp.
Okay, then.
Are you sure you want to abandon this character and quit the game? (Confirm with "yes".)

.......... #...
...#..###. #... ...#..
... #... ........## #...
.#.... #
#...#######.#.#....##
#.........#.#.#......
.###...†.........#......
.......@.###.#........##
....................#.##
..##.............##.....
#..#..#.......##...##
.....#..#..............
......#..#.......##.....
#.##..#..#.......##...##
#. #......)......##...##
#.............†......


There were no monsters in sight!

Vanquished Creatures
  3 gnolls (D:2)
  2 adders (D:2)
  A worm (D:2)
  A dart slug (D:2)
  4 ball pythons
  5 bats
  2 endoplasms (D:2)
  2 giant cockroaches
  3 goblins
  2 hobgoblins (D:1)
  2 quokkas (D:2)
  4 frilled lizards
  4 kobolds
  4 rats
39 creatures vanquished.

Notes
Turn   | Place    | Note
-------+----------+-------------------------------------------
     0 | D:1      | Dirtsage the Demonspawn Conjurer began the quest for the
                  | Orb.
     0 | D:1      | Reached XP level 1. HP: 13/13 MP: 3/3
   379 | D:1      | Gained mutation: You have large cloven feet. [demonic
                  | ancestry]
   379 | D:1      | Reached XP level 2. HP: 13/19 MP: 1/5
   459 | D:1      | Learned a level 2 spell: Searing Ray
  1213 | D:2      | Identified the +0 plate armour "Adagemam" {*Corrode rElec
                  | rN++ Dex+3}
  1378 | D:2      | Reached skill level 5 in Conjurations
  1378 | D:2      | Reached XP level 3. HP: 23/24 MP: 0/6
  1532 | D:2      | Gained mutation: You are partially covered in rugged brown
                  | scales. (AC +1, +3% HP) [demonic ancestry]
  1532 | D:2      | Reached XP level 4. HP: 24/30 MP: 1/7
  1717 | D:2      | Quit the game

Illustrated notes

Levels and vault maps discovered:
D:1:      spicycebolla_arrival_ecumenical, layout_loops_ring,
          amcnicky_mini_corridor_feature, hangedman_decor_clover_reticule
D:2:      layout_basic

Skill      XL: |  1  2 |
---------------+-------+-----
Conjurations   | 5 |  5.8
Dodging        | |  1.7
Stealth        | |  1.7
Spellcasting   | |  2.0

Action                     |  1- 3 |  4- 6 || total
---------------------------+-------+-------++-------
  Melee: Club              |    31 |       ||    31
         Unarmed           |     9 |       ||     9
         Dagger            |    19 |    12 ||    31
         Kick              |     3 |     2 ||     5
   Cast: Magic Dart        |    14 |     8 ||    22
         Searing Ray       |     6 |       ||     6
   Stab: Sleeping          |     1 |       ||     1
 Armour: Robe              |    49 |     9 ||    58
  Dodge: Dodged            |    63 |     7 ||    70

Table legend: (Time is in decaauts)
 A = Elapsed time spent in this place.
 B = Non-inter-level travel time spent in this place.
 C = Inter-level travel time spent in this place.
 D = Time resting spent in this place.
 E = Time spent auto-exploring this place.
 F = Levels seen in this place.
 G = Mean time per level.
                   A        B        C        D        E       F      G
               +--------+--------+--------+--------+--------+-----+--------+
         Total |   1726 |   1618 |    108 |    170 |   1144 |   2 |  863.0 |
       Dungeon |   1726 |   1618 |    108 |    170 |   1144 |   2 |  863.0 |
               +--------+--------+--------+--------+--------+-----+--------+

Top non-repeatable levels by time:
     D:1: 1175 daAuts
     D:2: 551 daAuts
